 Dungeon Crawl Stone Soup version 0.26.1-11-gd32895ea62 (webtiles) character file.

Game seed: 9634375450373434545

182 H0rd4k the Insei (level 5, -1/33 HPs)
             Began as an Octopode Transmuter on May 10, 2021.
             Was an Initiate of Gozag.
             Slain by an orc
             ... wielding a +0 club
              (2 damage)
             ... on level 3 of the Dungeon.
             The game lasted 00:02:05 (3097 turns).

H0rd4k the Insei (Octopode Transmuter)              Turns: 3097, Time: 00:02:06

Health: -1/33      AC:  1    Str: 10    XL:     5   Next: 62%
Magic:  8/8        EV: 13    Int: 16    God:    Gozag
Gold:   216        SH:  0    Dex: 12    Spells: 4/8 levels left

rFire    . . .     SeeInvis .     - Unarmed
rCold    . . .     Faith    .   (no shield)
rNeg     . . .     Spirit   .   (helmet restricted)
rPois    .         Reflect  .   (no amulet)
rElec    .         Harm     .   (no ring)
rCorr    .         Rampage  .   (no ring)
Will     .....                  (no ring)
Stlth    +++.......             (no ring)
HPRegen  0.11/turn              (no ring)
MPRegen  0.11/turn              (no ring)
                                (no ring)
                                (no ring)

@: gold aura
A: almost no armour, stealthy swim, amphibious, 8 rings, constrict 8, camouflage
1, gelatinous body 1
a: Renounce Religion, Potion Petition, Call Merchant, Bribe Branch


You were on level 3 of the Dungeon.
You worshipped Gozag.
Gozag was aware of your devotion.
You visited 1 branch of the dungeon, and saw 3 of its levels.

You collected 246 gold pieces.
You paid 30 gold pieces to Gozag.

Inventory:

Jewellery
 h - an uncursed ring of flight {unknown}
Scrolls
 b - a scroll of blinking {unknown}
 d - 4 scrolls of teleportation {unknown}
 f - 2 scrolls of remove curse {unknown}
 g - a scroll of amnesia {unknown}
 i - 2 scrolls of identify {unknown}
 k - a scroll of immolation {unknown}
Potions
 a - 3 potions of flight
 j - a potion of brilliance {unknown}


   Skills:
 + Level 1.2 Fighting
 + Level 2.5 Dodging
 - Level 1.5 Stealth
 + Level 4.7 Unarmed Combat
 * Level 2.4 Spellcasting
 * Level 2.5 Transmutations
 * Level 1.7 Poison Magic


You had 4 spell levels left.
You knew the following spells:

 Your Spells              Type           Power        Failure   Level
a - Beastly Appendage     Tmut           20%          7%          1
b - Spider Form           Tmut/Pois      4%           24%         3

Your spell library contained the following spells:

 Spells                   Type           Power        Failure   Level
 Wereblood                Tmut           10%          11%         2
 Ice Form                 Ice/Tmut       6%           75%         4
 Blade Hands              Tmut           5%           88%         5


Dungeon Overview and Level Annotations

Branches:
Dungeon (3/15)

Altars:
Gozag
Nemelex Xobeh


Innate Abilities, Weirdness & Mutations

You cannot wear most types of armour.
You are very stealthy in the water. (Stealth+)
You are amphibious.
You can wear up to eight rings at the same time.
You can use your tentacles to constrict eight enemies at once.
Your skin changes colour to match your surroundings (Stealth+).
Your rubbery body absorbs attacks. (AC +1, EV +1)


Message History

You closely miss the orc wizard. Your grab misses the orc wizard.
The orc wizard is almost dead.
The orc wizard misses you.
You barely miss the orc wizard. Your grab misses the orc wizard.
The orc wizard is almost dead.
The orc hits you with a +0 club.
The orc wizard points at itself and mumbles some strange words.
The orc wizard flickers and vanishes!
Deactivating autopickup; reactivate with Ctrl-A.
You closely miss something. The orc barely misses you. Something hits you.
You closely miss something. The orc closely misses you. Something hits you.
* * * LOW HITPOINT WARNING * * *
You tentacle-slap something but do no damage.
The orc hits you with a +0 club.
* * * LOW HITPOINT WARNING * * *
You miss something. Something hits you.
* * * LOW HITPOINT WARNING * * *
The orc hits you with a +0 club.
You die...
Your body crumbles into a pile of gold.

..###. #..# #. # #.# #.
#..# #. #. #.# ## #..#
#. .#.####.# #..# #.
.?......### ...# #.
#........###.##.# #.
#........#.#.##.# #.
.#....o{.........# #.
.......@$...##...######.
............#...........
###.........#....######.
#..)....#.....># #...
#.......##.....# #.##
.........##.....# #.#
##........###....# #.#
#...............# #.#
.#########.....# #.##


You could see an orc.

Vanquished Creatures
  A centaur (D:3)
  4 adders
  3 worms (D:2)
  A dart slug (D:2)
  A leopard gecko (D:2)
  An orc (D:3)
  3 ball pythons (D:1)
  8 bats
  4 giant cockroaches
  7 hobgoblins
  3 jackals (D:3)
  7 kobolds
  3 frilled lizards
  3 goblins
  8 rats
57 creatures vanquished.

Notes
Turn   | Place    | Note
-------+----------+-------------------------------------------
     0 | D:1      | H0rd4k the Octopode Transmuter began the quest for the Orb.
     0 | D:1      | Reached XP level 1. HP: 13/13 MP: 3/3
   248 | D:1      | Reached XP level 2. HP: 16/18 MP: 5/5
   814 | D:1      | Reached skill level 1 in Stealth
  1067 | D:2      | Reached XP level 3. HP: 21/23 MP: 6/6
  1109 | D:2      | Reached skill level 4 in Unarmed Combat
  1289 | D:2      | Learned a level 3 spell: Spider Form
  1665 | D:2      | Reached XP level 4. HP: 16/28 MP: 7/7
  1959 | D:2      | Found a sparkling altar of Nemelex Xobeh.
  1959 | D:2      | Found an opulent altar of Gozag.
  1976 | D:2      | Became a worshipper of Gozag Ym Sagoz the Greedy
  2350 | D:3      | Reached skill level 1 in Poison Magic
  2488 | D:3      | Noticed a centaur
  2495 | D:3      | Killed a centaur
  2496 | D:3      | Reached XP level 5. HP: 7/33 MP: 8/8
  3097 | D:3      | HP: 1/33 [something (1)]
  3097 | D:3      | Slain by an orc

Illustrated notes

Levels and vault maps discovered:
D:1:      dpeg_arrival_water_temple_mockup, layout_loops_ring
D:2:      layout_loops_ring, grunt_temple_overflow_opulence
D:3:      layout_basic, st_stairs_11

Skill      XL: |  1  2  3  4 |
---------------+-------------+-----
Stealth        | 1 |  1.5
Unarmed Combat | 4 |  4.7
Poison Magic   | 1 |  1.7
Fighting       | |  1.2
Dodging        | |  2.5
Spellcasting   | |  2.4
Transmutations | |  2.5

Action                   |  1- 3 |  4- 6 || total
-------------------------+-------+-------++-------
Melee: Unarmed           |    74 |    66 ||   140
       Constrict         |    17 |    12 ||    29
       Punch             |     4 |     3 ||     7
       Tentacles         |    12 |    10 ||    22
  Use: Potion            |       |     3 ||     3
 Stab: Sleeping          |    11 |     3 ||    14
Armor: Skin              |     4 |     6 ||    10
Dodge: Dodged            |    26 |    37 ||    63
